 Dungeon Crawl Stone Soup version 0.24-a0-582-g4d4af813a0 (webtiles) character file.

Game seed: 5366465756246758235

7212 Eightlegvermin the Transmogrifier (level 11, -4/72 HPs)
             Began as an Octopode Transmuter on Aug 26, 2019.
             Was an Initiate of Gozag.
             Slain by a yak (6 damage)
             ... while petrified by a basilisk
             ... on level 10 of the Dungeon.
             The game lasted 00:40:47 (8173 turns).

Eightlegvermin the Transmogrifier (OpTm)            Turns: 8173, Time: 00:40:48

Health: -4/72      AC:  1    Str:  9    XL:     11   Next: 11%
Magic:  22/23      EV:  2    Int: 19    God:    Gozag
Gold:   143        SH:  0    Dex: 17    Spells: 16/27 levels left

rFire    . . .     SeeInvis +     - Unarmed
rCold    . . .     Gourm    .   (no shield)
rNeg     + + +     Faith    .   (helmet restricted)
rPois    ∞         Spirit   .   i - amulet of regeneration
rElec    .         Reflect  .   b - ring of wizardry
rCorr    +         Harm     .   q - ring of see invisible
MR       .....                  u - +4 ring of intelligence
Stlth    +++.......             A - ring of positive energy
HPRegen  0.62/turn              B - ring of resist corrosion
MPRegen  0.18/turn              (no ring)
                                (no ring)
                                (no ring)

@: petrified, gold aura
A: almost no armour, stealthy swim, amphibious, 8 rings, constrict 8, camouflage
1, gelatinous body 1
a: Potion Petition, Call Merchant, Bribe Branch, Renounce Religion


You were on level 10 of the Dungeon.
You worshipped Gozag.
Gozag was aware of your devotion.
You were hungry.

You visited 2 branches of the dungeon, and saw 11 of its levels.

You collected 1363 gold pieces.
You spent 705 gold pieces at shops.
You paid 515 gold pieces to Gozag.

Inventory:

Hand Weapons
 r - a +1 whip of flaming
 G - a cursed -3 spear
Missiles
 a - 34 arrows
Jewellery
 b - a ring of wizardry (left tentacle)
 i - an amulet of regeneration (around mantle)
 q - a ring of see invisible (right tentacle)
 u - a +4 ring of intelligence (on tentacle)
 A - a ring of positive energy (on tentacle)
 B - a ring of resist corrosion (on tentacle)
Wands
 t - a wand of flame (34)
 y - a wand of paralysis (10)
 D - a wand of polymorph (10)
Scrolls
 d - 2 scrolls of enchant weapon
 e - 2 scrolls of random uselessness
 f - 4 scrolls of enchant armour
 h - 7 scrolls of identify
 k - 2 scrolls of fear
 l - 3 scrolls of blinking {unknown}
 m - 6 scrolls of teleportation
 o - a scroll of immolation {unknown}
 p - a scroll of fog
 s - 3 scrolls of remove curse
 x - a scroll of amnesia
 F - a scroll of summoning {unknown}
Potions
 g - 4 potions of curing
 j - 3 potions of cancellation {unknown}
 n - a potion of heal wounds {unknown}
 v - a potion of haste {unknown}
 w - a potion of degeneration {unknown}
 z - a potion of agility {unknown}
 C - a potion of lignification {unknown}
 E - a potion of flight {unknown}
Comestibles
 c - 12 rations


   Skills:
 - Level 6.0 Fighting
 - Level 6.0 Dodging
 - Level 3.0 Stealth
 - Level 5.0 Unarmed Combat
 * Level 8.7 Spellcasting
 + Level 10.3 Transmutations
 - Level 2.0 Poison Magic


You had 16 spell levels left.
You knew the following spells:

 Your Spells              Type           Power        Failure   Level  Hunger
a - Beastly Appendage     Tmut           #####.       1%          1    None
b - Sticks to Snakes      Tmut           #####...     1%          2    None
c - Spider Form           Tmut/Pois      ####......   1%          3    None
e - Blade Hands           Tmut           #####.....   1%          5    #####..

Your spell library contained the following spells:

 Spells                   Type           Power        Failure   Level  Hunger
 Animate Skeleton         Necr           N/A          3%          1    None
 Apportation              Tloc           #.....       3%          1    None
 Confusing Touch          Hex            #.....       3%          1    None
 Shock                    Conj/Air       #...         3%          1    None
 Summon Small Mammal      Summ           #...         3%          1    None
 Ice Form                 Ice/Tmut       ####....     4%          4    ###....
 Swiftness                Chrm/Air       #.......     5%          2    None
 Static Discharge         Conj/Air       #.......     11%         3    None
 Airstrike                Air            #.........   32%         4    ###....
 Lightning Bolt           Conj/Air       #.........   65%         5    #####..


Dungeon Overview and Level Annotations

Branches:
Dungeon (10/15)            Temple (1/1) D:4             Orc (0/2) D:10
   Lair: D:8-11

Altars:
Ashenzari
Cheibriados
Elyvilon
Gozag
Hepliaklqana
Kikubaaqudgha
Makhleb
Okawaru
Ru
Sif Muna
Trog
Uskayaw
Vehumet
Wu Jian
Yredelemnul
Zin
The Shining One

Shops:
D:5 =   D:9 %


Innate Abilities, Weirdness & Mutations

You cannot wear most types of armour.
You are very stealthy in the water. (Stealth+)
You are amphibious.
You can wear up to eight rings at the same time.
You can use your tentacles to constrict eight enemies at once.
Your skin changes colour to match your surroundings (Stealth+).
Your rubbery body absorbs attacks. (AC +1, EV +1)


Message History

You are slowing down.
The yak gores you but does no damage.
You slash the basilisk!
The basilisk is heavily wounded.
Your tentacles revert to their normal proportions.
You constrict the basilisk.
The porcupine is no longer distracted by gold.
The yak gores you! The basilisk gazes at you.
Your limbs have turned to stone.
The yak misses you. x2
You have turned to stone.
You constrict the basilisk. The yak gores you. The basilisk bites you!
* * * LOW HITPOINT WARNING * * *
The yak gores you!
* * * LOW HITPOINT WARNING * * *
You constrict the basilisk. The basilisk bites you!
* * * LOW HITPOINT WARNING * * *
The yak gores you!
You die...
Your body crumbles into a pile of gold.

♣P ..........
.......Y.Y♣
♣......sP.. PP..P.
♣..####+### ####....
........# #......#
#......# #......###
#Y.....#
+..>..rl@####Y.....#
#......#YYY.#......+
#......####.$$.....#
#......# ###......#
#......# #......#
####'### #......#
#..# ####...#
######'### ##..#
#........# ..>.


You could see 3 yaks, a basilisk and a porcupine.

Vanquished Creatures
  A two-headed ogre (D:8)
  Pikel (D:4)
  A hippogriff (D:7)
  14 yaks
  Eustachio (D:5)
  A steam dragon (D:8)
  A hungry ghost (D:10)
  2 porcupines (D:10)
  An orc warrior (D:6)
  A black bear (D:6)
  2 sky beasts
  A slave (D:4)
  3 phantoms
  A necrophage (D:8)
  5 ogres
  A crocodile (D:10)
  6 bullfrogs
  A big kobold (D:9)
  2 water moccasin skeletons
  A scorpion (D:9)
  A bullfrog zombie (D:7)
  A quasit (D:3)
  A centaur skeleton (D:7)
  2 centaur zombies
  7 hounds
  An orc wizard (D:6)
  2 orc priests
  4 jellies
  Ijyb (D:5)
  Natasha (thrice) (D:3)
  9 worker ants
  A hound zombie (D:8)
  3 hound skeletons
  2 worker ant zombies
  5 gnolls
  2 howler monkey skeletons
  4 adders
  4 shadow imps
  An ooze (D:4)
  2 adder skeletons (D:9)
  3 worms
  5 leopard geckos
  10 orcs
  2 bats (D:1)
  2 giant cockroaches
  10 goblins
  9 hobgoblins
  3 jackals (D:10)
  5 quokkas
  2 frilled lizards (D:4)
  A jackal skeleton (D:9)
  A jackal zombie (D:9)
  10 kobolds
  A quokka zombie (D:7)
  5 rats
172 creatures vanquished.

Vanquished Creatures (collateral kills)
  A slave (D:4)
  An ogre (D:4)
  A worker ant (D:4)
  A gnoll (D:4)
4 creatures vanquished.

Vanquished Creatures (others)
  A fungus (D:10)
  12 plants (D:10)
13 creatures vanquished.

Grand Total: 189 creatures vanquished

Notes
Turn   | Place    | Note
-------+----------+-------------------------------------------
     0 | D:1      | Eightlegvermin the Octopode Transmuter began the quest for
                  | the Orb.
     0 | D:1      | Reached XP level 1. HP: 13/13 MP: 3/3
   570 | D:1      | Reached XP level 2. HP: 18/18 MP: 3/5
   697 | D:1      | Reached skill level 1 in Stealth
   797 | D:2      | Found a bloodstained altar of Trog.
   850 | D:1      | Learned a level 2 spell: Sticks to Snakes
   981 | D:2      | You fall into a shaft and drop 2 floors!
  1062 | D:4      | Reached XP level 3. HP: 12/23 MP: 6/6
  1067 | D:4      | Learned a level 3 spell: Spider Form
  1079 | D:4      | Noticed a slave
  1230 | D:4      | Reached XP level 4. HP: 27/28 MP: 0/7
  1249 | D:4      | Reached skill level 3 in Transmutations
  1249 | D:4      | Reached skill level 1 in Poison Magic
  1413 | D:3      | Noticed Natasha
  1452 | D:3      | Reached XP level 5. HP: 26/33 MP: 3/8
  1523 | D:3      | Killed Natasha
  1614 | D:3      | Noticed Natasha
  1623 | D:3      | Killed Natasha
  1672 | D:3      | Noticed Natasha
  1723 | D:3      | Killed Natasha
  1723 | D:3      | Reached skill level 4 in Transmutations
  2081 | D:3      | Reached XP level 6. HP: 33/38 MP: 7/9
  2536 | D:4      | Noticed a slave
  2550 | D:4      | Killed a slave
  2680 | D:4      | Noticed a slave
  2700 | D:4      | Killed a slave
  2748 | D:4      | Noticed Pikel
  2756 | D:4      | Noticed a slave
  2769 | D:4      | Killed Pikel
  2769 | D:4      | Reached skill level 5 in Transmutations
  2769 | D:4      | Reached XP level 7. HP: 31/45 MP: 2/10
  2877 | D:4      | Found a staircase to the Ecumenical Temple.
  2932 | D:4      | Reached skill level 5 in Unarmed Combat
  2932 | D:4      | Reached XP level 8. HP: 33/52 MP: 11/11
  2949 | Temple   | Entered the Ecumenical Temple
  3018 | Temple   | Became a worshipper of Gozag Ym Sagoz the Greedy
  3589 | D:5      | Entered Level 5 of the Dungeon
  3603 | D:5      | Reached skill level 6 in Transmutations
  3631 | D:5      | Found Simezyce's Jewellery Emporium.
  3637 | D:5      | Bought an uncursed ring of see invisible for 165 gold
                  | pieces
  3671 | D:5      | Noticed Ijyb
  3695 | D:5      | Killed Ijyb
  3745 | D:5      | Noticed Eustachio
  3771 | D:5      | Killed Eustachio
  4641 | D:6      | Reached skill level 7 in Transmutations
  4922 | D:6      | Reached XP level 9. HP: 59/59 MP: 8/13
  5286 | D:7      | Reached skill level 5 in Dodging
  5352 | D:7      | Learned a level 1 spell: Animate Skeleton
  5358 | D:7      | Learned a level 5 spell: Blade Hands
  5469 | D:7      | Reached skill level 8 in Transmutations
  5859 | D:8      | Noticed a two-headed ogre
  5865 | D:8      | Killed a two-headed ogre
  5865 | D:8      | Reached skill level 5 in Fighting
  6088 | D:8      | Reached skill level 5 in Spellcasting
  6128 | D:8      | Reached XP level 10. HP: 52/66 MP: 17/17
  6265 | D:8      | Reached skill level 9 in Transmutations
  7516 | D:9      | Bought a ration for 60 gold pieces
  7516 | D:9      | Bought a ration for 60 gold pieces
  7516 | D:9      | Bought a ration for 60 gold pieces
  7516 | D:9      | Bought a ration for 60 gold pieces
  7516 | D:9      | Bought a ration for 60 gold pieces
  7516 | D:9      | Bought a ration for 60 gold pieces
  7516 | D:9      | Bought a ration for 60 gold pieces
  7516 | D:9      | Bought a ration for 60 gold pieces
  7516 | D:9      | Bought a ration for 60 gold pieces
  7757 | D:9      | Reached skill level 10 in Transmutations
  7926 | D:10     | Entered Level 10 of the Dungeon
  7958 | D:10     | Reached XP level 11. HP: 15/72 MP: 18/23
  8061 | D:10     | Found a staircase to the Orcish Mines.
  8173 | D:10     | HP: 2/72 [basilisk (8)]
  8173 | D:10     | Slain by a yak

Levels and vault maps discovered:
D:1:      scummos_arrival_star, layout_basic
D:2:      cheibrodos_greedy_goblins, layout_rooms, overflow_temple_1_default
D:3:      layout_basic, uniq_natasha
D:4:      layout_basic, minmay_temple_entry_glassed_door,
          hangedman_abyss_or_decor_lesser_grid, kennysheep_minor_cross,
          uniq_pikel
D:5:      cheibrodos_iron_armory, layout_loops_ring, first_ration, serial_shops,
          shop, uniq_ijyb, uniq_eustachio
D:6:      layout_basic
D:7:      layout_cave_pools
D:8:      layout_cave_pods
D:9:      layout_gridville, chequers_mini_garden
D:10:     layout_roguey, minmay_lair_entry_grove, orc_0_dummy, basic_altar
Temple:   regret_index_temple_sigil_plot

Skill      XL: |  1  2  3  4  5  6  7  8  9 10 |
---------------+-------------------------------+-----
Stealth        | 3 |  3.0
Transmutations | 3 4 5 7 8 10 | 10.3
Poison Magic   | 1 2 |  2.0
Unarmed Combat | 4 5 |  5.0
Fighting       | 2 3 4 5 6 |  6.0
Dodging        | 3 4 5 6 |  6.0
Spellcasting   | 5 8 |  8.7

Action                   |  1- 3 |  4- 6 |  7- 9 | 10-12 || total
-------------------------+-------+-------+-------+-------++-------
Melee: Unarmed           |    36 |   121 |   280 |   253 ||   690
       Constrict         |    10 |    13 |    37 |    24 ||    84
       Kick              |     6 |     7 |    32 |    55 ||   100
       Tentacles         |     5 |    12 |    38 |    44 ||    99
       Punch             |       |     3 |     6 |     6 ||    15
 Cast: Beastly Appendage |    11 |    12 |    18 |    18 ||    59
       Spider Form       |     1 |    13 |    10 |     5 ||    29
       Sticks to Snakes  |       |     3 |       |     2 ||     5
       Blade Hands       |       |       |     3 |     3 ||     6
Invok: Call Merchant     |       |       |       |     1 ||     1
  Use: Scroll            |     5 |       |     5 |     2 ||    12
       Potion            |       |       |       |     1 ||     1
 Stab: Sleeping          |     2 |    10 |    12 |     5 ||    29
  Eat: Chunk             |     1 |     7 |     1 |       ||     9
       Ration            |       |       |     4 |     2 ||     6
Armor: Skin              |     7 |     5 |     7 |     7 ||    26
Dodge: Dodged            |    30 |   104 |   189 |   162 ||   485

Table legend:
 A = Non-vault XP
 B = Vault XP
 C = Vault XP percentage of total XP
 D = Non-vault monster count
 E = Vault monster count
 F = Vault count percentage of total count
                 A         B        C        D         E       F
            +---------+---------+-------+---------+---------+-------
      Total |    8563 |    1740 |  16.9 |     155 |      19 |  10.9
            +---------+---------+-------+---------+---------+-------
        D:1 |      11 |       0 |   0.0 |       7 |       0 |   0.0
        D:2 |      26 |      20 |  43.5 |      10 |      10 |  50.0
        D:3 |     155 |      35 |  18.4 |      19 |       1 |   5.0
        D:4 |     382 |     641 |  62.7 |      14 |       1 |   6.7
        D:5 |     177 |     239 |  57.5 |       6 |       2 |  25.0
        D:6 |     800 |       0 |   0.0 |      17 |       0 |   0.0
        D:7 |     877 |       0 |   0.0 |      21 |       0 |   0.0
        D:8 |    2018 |       0 |   0.0 |      22 |       0 |   0.0
        D:9 |    3398 |       0 |   0.0 |      33 |       0 |   0.0
       D:10 |     719 |     805 |  52.8 |       6 |       5 |  45.5
            +---------+---------+-------+---------+---------+-------
